 Dungeon Crawl Stone Soup version 0.26-a0-651-gb41185065b (console) character file.

Game seed: 1588271315986246000

4722 om the Archer (level 10, -5/50 HPs)
             Began as a Gargoyle Ice Elementalist on Sept 29, 2020.
             Was a Priest of Vehumet.
             Killed by the air
             ... invoked by Gastronok
              (26 damage)
             ... on level 8 of the Dungeon.
             The game lasted 00:22:47 (9107 turns).

om the Archer (Gargoyle Ice Elementalist)           Turns: 9107, Time: 00:22:49

Health: -5/50      AC: 14    Str: 12    XL:     10   Next: 45%
Magic:  11/26      EV: 12    Int: 19    God:    Vehumet [***...]
Gold:   1263       SH:  4    Dex: 10    Spells: 12/19 levels left

rFire    + + .     SeeInvis .   a - staff of cold
rCold    + . .     Faith    .   C - +0 buckler of the Learner {rF+ Slay+3 Stlth-} (curse)
rNeg     + . .     Spirit   .   f - +2 leather armour {rF+}
rPois    ∞         Reflect  .   p - +0 helmet
rElec    +         Harm     .   (no cloak)
rCorr    .         Rampage  .   (no gloves)
MR       .....                  (no boots)
Stlth    +.........             (no amulet)
HPRegen  0.16/turn              c - ring of magical power
MPRegen  0.20/turn              (no ring)

@: frozen ramparts, slowed, studying Bows, very slow
A: negative energy resistance 1, electricity resistance, unbreathing,
petrification resistance, rot immunity, AC +7
a: Renounce Religion


You were on level 8 of the Dungeon.
You worshipped Vehumet.
Vehumet was most pleased with you.
You visited 2 branches of the dungeon, and saw 9 of its levels.
You also visited: Ossuary.

You collected 1425 gold pieces.
You spent 162 gold pieces at shops.

Inventory:

Hand Weapons
 b - the +8 mace "Leviticus" {vorpal, rF++ Int-5 Dex+4 Stlth+}
   (You found it on level 6 of the Dungeon)

   It inflicts extra damage upon your enemies.
   It affects your intelligence (-5).
   It affects your dexterity (+4).
   It greatly protects you from fire.
   It makes you more stealthy.
 o - a +0 quarterstaff
 E - a +0 shortbow
Missiles
 F - 81 arrows
Armour
 f - a +2 leather armour of fire resistance (worn)
 p - a +0 helmet (worn)
 C - the cursed +0 buckler of the Learner (worn) {rF+ Slay+3 Stlth-}
   (You took it off a gnoll sergeant on level 5 of the Dungeon)

   It affects your accuracy and damage with ranged weapons and melee attacks
   (+3).
   It protects you from fire.
   It makes you less stealthy.
   It has a curse placed upon it.
Magical Staves
 a - an uncursed staff of cold (weapon)
Jewellery
 c - a ring of magical power (left hand)
 z - the ring of the Queen {rN+ MR- Str+2 SInv}
   (You took it off a gnoll sergeant on level 5 of the Dungeon)

   [ring of positive energy]

   It affects your strength (+2).
   It protects you from negative energy.
   It affects your resistance to hostile enchantments.
   It lets you see invisible.
Wands
 j - a wand of flame (35)
 s - a wand of enslavement (9)
 v - a wand of random effects (39)
 y - a wand of digging (8)
 N - a wand of polymorph (8)
Scrolls
 e - 7 scrolls of teleportation
 k - 2 scrolls of enchant armour
 q - 6 scrolls of remove curse
 u - 4 scrolls of amnesia
 x - a scroll of fog {unknown}
 A - 2 scrolls of enchant weapon
 D - a scroll of magic mapping
 H - 2 scrolls of blinking
 L - a scroll of immolation {unknown}
 M - a scroll of identify
Potions
 d - 4 potions of brilliance
 g - a potion of berserk rage {unknown}
 h - 3 potions of ambrosia
 i - a potion of magic
 l - 2 potions of curing
 m - a potion of stabbing {unknown}
 n - 4 potions of lignification
 r - a potion of resistance {unknown}
 t - a potion of mutation {unknown}
 w - 2 potions of flight
 G - 2 potions of heal wounds
 I - 2 potions of haste {unknown}
 J - 2 potions of invisibility {unknown}
 K - 2 potions of might {unknown}
Books
 B - a manual of Bows


   Skills:
 - Level 3.7(5.6) Maces & Flails
 + Level 6.4(6.9) Staves
 + Level 8.3 Bows
 - Level 5.0 Armour
 - Level 2.0 Dodging
 - Level 5.0 Stealth
 - Level 4.0 Shields
 - Level 5.0 Spellcasting
 - Level 7.0 Ice Magic
 * Level 3.8 Evocations


You had 12 spell levels left.
You knew the following spells:

 Your Spells              Type           Power        Failure   Level
a - Freeze                Ice            ####         1%          1
b - Frozen Ramparts       Ice            #####.       1%          3
c - Ozocubu's Armour      Ice            #####...     2%          3

Your spell library contained the following spells:

 Spells                   Type           Power        Failure   Level
 Inner Flame              Hex/Fire       #.......     13%         3
 Hailstorm                Conj/Ice       ####....     11%         4
 Summon Ice Beast         Ice/Summ       ####....     36%         4
 Haunt                    Necr/Summ      #.........   100%        7
 Borgnjor's Revivificati  Necr           #.........   100%        8
 Infestation              Necr           #.........   100%        8
 Necromutation            Tmut/Necr      #.........   100%        8
 Death's Door             Necr           #.........   100%        9


Dungeon Overview and Level Annotations

Branches:
Dungeon (8/15)             Temple (1/1) D:4         Ossuary (visited)
   Lair: D:8-11

Altars:
Ashenzari
Cheibriados
Dithmenos
Elyvilon
Fedhas
Gozag
Hepliaklqana
Kikubaaqudgha
Makhleb
Nemelex Xobeh
Okawaru
Qazlal
Ru
Sif Muna
Trog
Uskayaw
Vehumet
Wu Jian
Xom
Yredelemnul
Zin
The Shining One

Shops:
D:6 ?

Annotations:
D:8 Gastronok


Innate Abilities, Weirdness & Mutations

You are resistant to torment.
Your stone body is resilient. (AC +7)
You are immune to poison.
You resist negative energy. (rN+)
You are resistant to electric shocks. (rElec)
You can survive without breathing.
You are immune to petrification.
You are immune to rotting.


Message History

The air twists around and strikes you!
Casting: Freeze (safe; 1% risk of failure)
Confirm with . or Enter, or press ? or * to list all spells.
Aiming: Freeze (safe; 1% risk of failure)
Press: ? - help, Shift-Dir - straight line, f/p - Gastronok
Aim: Gastronok, wearing a +2 hat (severely wounded, covering ground quickly)
You feel a surge of power!
You freeze Gastronok.
Gastronok is severely wounded.
Casting: Freeze (safe; 1% risk of failure)
Confirm with . or Enter, or press ? or * to list all spells.
Aiming: Freeze (safe; 1% risk of failure)
Press: ? - help, Shift-Dir - straight line, f/p - Gastronok
Aim: Gastronok, wearing a +2 hat (severely wounded, covering ground quickly)
You feel a surge of power!
You freeze Gastronok.
Gastronok is almost dead.
The wall freezes Gastronok.
Gastronok waves his eye-stalks in wide circles.
The air twists around and strikes you!!
Ouch! That really hurt!
You die...

## #.# .## ##.# #.#..###.
..### # #.# ....# ###
##...##.# ####.###..#
#.####........ ...........#
#.##......## #..#
#.......#####..........### .
#.#
#........#)@).).†).......#..
..#
#.........w####.$###........
..## #.........##
##....o.......
#..###....##...#
##.÷÷....o....
##..#....###...#
#(...#....o... ##.......#
#.....# #...###.......
##.......# ......>.#..##
#....$..
...####..#....##.....##
#...#..# ..##
#........###.... ..####.#
#.## ##....##. #..###. ###
.. ##.# ...## #...# ..


You could see Gastronok (swift).

Vanquished Creatures
  The ghost of Kaletam the Slasher, a novice TeCK of Xom (D:5)
  A hippogriff (D:8)
  3 yaks (D:8)
  Grum (D:8)
  An orc warrior (D:8)
  A sky beast (D:5)
  2 ice beasts
  A phantom (D:7)
  4 ogres
  2 wolves (D:8)
  2 centaurs
  An elf zombie (Ossuary)
  Blork the orc (D:6)
  3 bullfrogs
  2 gnoll sergeants (D:5)
  2 scorpions (D:7)
  6 killer bees (D:8)
  9 wights
  5 howler monkeys
  A bullfrog zombie (D:7)
  A centaur zombie (D:6)
  A human zombie (Ossuary)
  4 orc wizards
  4 hounds
  A quasit (D:5)
  A gnoll shaman (D:5)
  2 orc priests (D:7)
  2 bullfrog skeletons
  A centaur skeleton (D:5)
  An iguana (D:7)
  6 worker ants
  3 big kobold zombies (Ossuary)
  2 hound zombies (Ossuary)
  2 hound skeletons
  4 mummies (Ossuary)
  7 gnolls
  10 adders
  2 shadow imps
  2 white imps
  An ufetubus (D:5)
  An ooze (D:4)
  2 adder zombies (D:6)
  2 worms
  3 dart slugs
  6 leopard geckos
  24 orcs
  3 ball pythons
  3 giant cockroaches
  4 goblins
  8 hobgoblins
  16 jackals
  3 quokkas
  8 bats
  3 frilled lizards
  A gnoll zombie (Ossuary)
  2 goblin zombies (Ossuary)
  A jackal skeleton (D:8)
  6 kobolds
  A kobold zombie (Ossuary)
  A leopard gecko skeleton (D:7)
  An orc zombie (Ossuary)
  A quokka zombie (D:8)
  10 rats
216 creatures vanquished.

Vanquished Creatures (others)
  6 plants (D:5)
6 creatures vanquished.

Grand Total: 222 creatures vanquished

Notes
Turn   | Place    | Note
-------+----------+-------------------------------------------
     0 | D:1      | om the Gargoyle Ice Elementalist began the quest for the
                  | Orb.
     0 | D:1      | Reached XP level 1. HP: 10/10 MP: 3/3
   421 | D:1      | Reached XP level 2. HP: 11/15 MP: 1/5
   809 | D:1      | Reached XP level 3. HP: 18/19 MP: 6/6
   847 | D:1      | Learned a level 3 spell: Frozen Ramparts
  1355 | D:2      | Reached skill level 1 in Armour
  1386 | D:2      | Reached XP level 4. HP: 14/24 MP: 8/8
  1529 | D:2      | Found a faded altar of an unknown god.
  1545 | D:2      | Noticed an ogre
  1561 | D:2      | Killed an ogre
  1561 | D:2      | Reached XP level 5. HP: 28/28 MP: 10/10
  2122 | D:3      | You fall into a shaft and drop 1 floor!
  2911 | D:4      | Found a staircase to the Ecumenical Temple.
  2940 | Temple   | Entered the Ecumenical Temple
  3243 | Temple   | Became a worshipper of Vehumet
  3310 | D:4      | Noticed a phantom
  3384 | D:4      | Reached skill level 1 in Staves
  3435 | D:4      | Reached XP level 6. HP: 29/32 MP: 11/11
  3628 | D:4      | Found a white marble altar of Elyvilon.
  3823 | D:5      | Entered Level 5 of the Dungeon
  4293 | D:5      | Identified the cursed +0 buckler of the Learner {rF+ Slay+3
                  | Stlth-}
  4293 | D:5      | Identified the ring of the Queen {rN+ MR- Str+2 SInv}
  4506 | D:5      | Noticed a sky beast
  4507 | D:5      | Found a transporter.
  4519 | D:5      | Killed a sky beast
  4519 | D:5      | Reached skill level 5 in Ice Magic
  4519 | D:5      | Reached XP level 7. HP: 30/36 MP: 13/13
  4716 | D:5      | Noticed Kaletam's ghost (novice TeCK)
  4745 | D:5      | Identified the +1 scale mail "Fuimehu" {rC- Regen+ SInv
                  | Stlth+}
  4948 | D:5      | Found a transporter.
  4988 | D:5      | Paralysed by a gnoll for 5 turns
  5001 | D:5      | Killed Kaletam's ghost
  5001 | D:5      | Reached * piety under Vehumet
  5001 | D:5      | Offered knowledge of Magic Dart by Vehumet.
  5001 | D:5      | Reached skill level 5 in Spellcasting
  5001 | D:5      | Reached XP level 8. HP: 37/41 MP: 15/15
  5275 | D:6      | Reached skill level 1 in Shields
  5342 | D:6      | Reached skill level 5 in Staves
  5411 | D:6      | Reached skill level 1 in Bows
  5661 | D:6      | Got a masterwork mace
  5662 | D:6      | Identified the +8 mace "Leviticus" {vorpal, rF++ Int-5
                  | Dex+4 Stlth+} (You found it on level 6 of the Dungeon)
  5775 | D:6      | Reached skill level 2 in Bows
  6070 | D:6      | Noticed Blork the orc
  6077 | D:6      | Killed Blork the orc
  6077 | D:6      | Reached skill level 1 in Maces & Flails
  6196 | D:6      | Reached skill level 5 in Armour
  6262 | D:6      | Found Liyti's Magic Scroll Boutique.
  6265 | D:6      | Bought 3 scrolls of identify for 72 gold pieces
  6268 | D:6      | Bought a scroll of identify for 24 gold pieces
  6268 | D:6      | Bought a scroll of amnesia for 42 gold pieces
  6268 | D:6      | Bought a scroll of identify for 24 gold pieces
  6406 | D:7      | Found a sand-covered staircase.
  6412 | Ossuary  | Entered an ossuary
  6441 | Ossuary  | Reached XP level 9. HP: 40/45 MP: 16/16
  6450 | Ossuary  | Reached skill level 3 in Bows
  6466 | Ossuary  | Offered knowledge of Shock by Vehumet.
  6474 | Ossuary  | Reached ** piety under Vehumet
  6480 | Ossuary  | Learned a level 3 spell: Ozocubu's Armour
  6935 | D:7      | Found a burning altar of Makhleb.
  7008 | D:7      | Reached skill level 4 in Bows
  7221 | D:7      | Reached skill level 5 in Bows
  7252 | D:7      | Reached skill level 5 in Stealth
  7457 | D:7      | Offered knowledge of Ignite Poison by Vehumet.
  7598 | D:7      | Reached skill level 6 in Bows
  7602 | D:7      | Identified 2 scrolls of acquirement
  7713 | D:6      | Acquired 849 gold pieces
  7715 | D:6      | Acquired an uncursed staff of cold
  8041 | D:8      | Reached *** piety under Vehumet
  8206 | D:8      | Noticed Grum
  8211 | D:8      | Reached skill level 7 in Bows
  8211 | D:8      | Reached XP level 10. HP: 50/50 MP: 17/17
  8214 | D:8      | Reached skill level 1 in Evocations
  8253 | D:8      | Killed Grum
  8605 | D:8      | Offered knowledge of Inner Flame by Vehumet.
  8826 | D:8      | Reached skill level 8 in Bows
  9086 | D:8      | Noticed Gastronok
  9107 | D:8      | Killed from afar by Gastronok

Illustrated notes

Levels and vault maps discovered:
D:1:      dpeg_arrival_radiant, layout_basic,
          wander_ebering_terrifying_dragon_lair
D:2:      layout_rooms, chequers_ecumenical_altar_twisty, kennysheep_doodads
D:3:      layout_rooms, minmay_misc_feat_tiny
D:4:      layout_basic, elyvilon_altar_3, minmay_temple_entry_statues_fountains
D:5:      layout_basic, gammafunk_ghost_gnarly_gnolls
D:6:      layout_loops_ring, serial_shops, shop, chequers_jeans,
          uniq_blork_the_orc
D:7:      layout_cave_pods, nicolae_ossuary_entry_monument, bloody_makhleb
D:8:      layout_layer_cave, uniq_gastronok, uniq_maurice, uniq_grum
Temple:   regret_index_temple_sigil_plot

Skill      XL: |  1  2  3  4  5  6  7  8  9 10 |
---------------+-------------------------------+-----
Dodging        | 2 |  2.0
Stealth        | 3 5 |  5.0
Armour         | 1 2 3 5 |  5.0
Spellcasting   | 3 4 5 |  5.0
Staves         | 1 2 3 5 6 |  6.4
Ice Magic      | 5 6 7 |  7.0
Shields        | 2 4 |  4.0
Bows           | 2 7 8 |  8.3
Maces & Flails | 1 3 |  3.7
Evocations     | 3 |  3.8

Action                   |  1- 3 |  4- 6 |  7- 9 | 10-12 || total
-------------------------+-------+-------+-------+-------++-------
Melee: Unarmed           |     8 |       |       |       ||     8
       Club              |    57 |    20 |       |       ||    77
       Quarterstaff      |       |   121 |    25 |       ||   146
       Mace              |       |       |   139 |    12 ||   151
       Staff             |       |       |     3 |    59 ||    62
 Cast: Freeze            |    25 |    10 |    13 |    23 ||    71
       Frozen Ramparts   |     2 |    19 |    27 |    11 ||    59
       Ozocubu's Armour  |       |       |       |     1 ||     1
  Use: Scroll            |     1 |     6 |    10 |       ||    17
       Potion            |       |       |     1 |       ||     1
 Stab: Sleeping          |     1 |     4 |     4 |       ||     9
Armor: Robe              |    32 |     1 |       |       ||    33
       Leather armour    |       |   112 |   102 |    39 ||   253
       Skin              |       |       |     4 |       ||     4
Dodge: Dodged            |    69 |   118 |   150 |    41 ||   378
Block: Buckler           |       |       |    41 |    11 ||    52

Table legend: (Time is in decaauts)
 A = Elapsed time spent in this place.
 B = Non-inter-level travel time spent in this place.
 C = Inter-level travel time spent in this place.
 D = Time resting spent in this place.
 E = Time spent auto-exploring this place.
 F = Levels seen in this place.
 G = Mean time per level.
                   A        B        C        D        E       F      G
               +--------+--------+--------+--------+--------+-----+--------+
         Total |   9189 |   8751 |    438 |   1794 |   5062 |  10 |  918.9 |
       Dungeon |   8528 |   8152 |    376 |   1794 |   4616 |   8 | 1066.0 |
        Temple |    333 |    271 |     62 |      0 |    269 |   1 |  333.0 |
       Ossuary |    327 |    327 |      0 |      0 |    177 |   1 |  327.0 |
               +--------+--------+--------+--------+--------+-----+--------+

Top non-repeatable levels by time:
     D:5: 1371 daAuts
     D:1: 1361 daAuts
     D:6: 1292 daAuts
     D:7: 1221 daAuts
     D:8: 1071 daAuts
     D:3: 774 daAuts
     D:4: 731 daAuts
     D:2: 704 daAuts
  Temple: 333 daAuts
 Ossuary: 327 daAuts
